 Dungeon Crawl Stone Soup version 0.32-a0-576-g706899e69d (webtiles) character file.

Game seed: 10960871619431862591

46 CougarLife the Digger (level 3, -3/19 HPs)
             Began as a Gargoyle Earth Elementalist on Mar 1, 2024.
             Killed from afar by Blork the orc (8 damage)
             ... with a magic dart
             ... on level 4 of the Dungeon.
             The game lasted 00:00:42 (1264 turns).

CougarLife the Digger (Gargoyle Earth Elementalist) Turns: 1264, Time: 00:00:42

Health: -3/19      AC:  0    Str: 11    XL:     3   Next: 66%
Magic:  3/7        EV: 14    Int: 17    God:
Gold:   45         SH:  0    Dex: 10    Spells: 6/7 levels left

rFire   . . .        n - melded +0 dagger
rCold   . . .        (shield currently unavailable)
rNeg    + . .        a - melded +0 robe
rPois   ∞            (helmet currently unavailable)
rElec   .            (cloak currently unavailable)
rCorr   .            g - melded +0 pair of gloves
SInv    .            (boots currently unavailable)
Will    .....        (no amulet)
Stlth   ++           (ring currently unavailable)
HPRegen 0.23/turn    (ring currently unavailable)
MPRegen 0.10/turn

%: no passive effects
@: pig-form, very slightly contaminated, very quick
A: fast, no casting, sickness immunity, AC +3, small, negative energy resistance
1, (electricity resistance), torment resistance 1, petrification resistance
a: no special abilities


You were on level 4 of the Dungeon.
You were a filthy swine.
You visited 1 branch of the dungeon, and saw 3 of its levels.

You collected 45 gold pieces.

Inventory:

Hand Weapons
 n - a +0 dagger (melded)
Armour
 a - a +0 robe (melded)
 g - a +0 pair of gloves (melded)
Scrolls
 h - a scroll of noise {unknown}
 j - a scroll of identify {unknown}
 k - a scroll of vulnerability {unknown}
 o - a scroll of amnesia {unknown}
Potions
 b - a potion of magic
 c - 2 potions of might {unknown}
 d - a potion of heal wounds {unknown}
 e - a potion of mutation {unknown}
 f - a potion of curing {unknown}
 i - 2 potions of enlightenment {unknown}
 l - a potion of resistance {unknown}
 m - a potion of cancellation {unknown}
 p - a potion of attraction {unknown}


   Skills:
 - Level 1.5 Dodging
 - Level 2.1 Stealth
 + Level 2.6 Spellcasting
 + Level 2.2 Conjurations
 + Level 4.3 Earth Magic


You had 6 spell levels left.
You knew the following spells:

 Your Spells              Type           Power      Damage    Failure   Level
a - Sandblast             Erth           32%        2d9       3%          1

Your spell library contained the following spells:

 Spells                   Type           Power      Damage    Failure   Level
 Passwall                 Erth           16%        N/A       10%         3
 Stone Arrow              Conj/Erth      26%        3d8       14%         3
 Brom's Barrelling Bould  Conj/Erth      13%        2d4       43%         4
 Petrify                  Alch/Erth      9%         N/A       58%         4


Dungeon Overview and Level Annotations

Branches:
Dungeon (4/15)
 Temple: D:4-7

Altars:

Annotations:
D:4 Blork the orc


Innate Abilities, Weirdness & Mutations

You are a filthy swine.
You move quickly.
Your equipment is almost entirely melded.
You are incapable of wielding weapons or throwing items.
You cannot cast spells.
You are immune to sickness and miasma.
((Your stone body is resilient. (AC +3)))
You are immune to poison.
You resist negative energy. (rN+)
((You are resistant to electric shocks. (rElec)))
You are resistant to unholy torment.
You are immune to petrification.


Message History

The puff of flame hits you!
You are too injured to fight recklessly!
You are too injured to fight recklessly!
You are too injured to fight recklessly!
You are too injured to fight recklessly!
Casting: Sandblast (safe; 3% risk of failure)
Confirm with . or Enter, or press ? or * to list all spells.
You don't know that spell.
Unknown command.
Casting: Sandblast (safe; 3% risk of failure)
Confirm with . or Enter, or press ? or * to list all spells.
Aiming: Sandblast (safe; 3% risk of failure)
Press: ? - help, Shift-Dir - straight line, f/p - Blork the orc
Aim: Blork the orc, wielding a +0 dire flail, wearing a +0 robe and carrying a wand of polymorph (severely wounded, 84% to hit)
The blast of sand hits Blork the orc.
Blork the orc is severely wounded.
Blork the orc looks braver for a moment.
Casting: Sandblast (safe; 3% risk of failure)
Confirm with . or Enter, or press ? or * to list all spells.
Aiming: Sandblast (safe; 3% risk of failure)
Press: ? - help, Shift-Dir - straight line, f/p - Blork the orc
Aim: Blork the orc, wielding a +0 dire flail, wearing a +0 robe and carrying a wand of polymorph (severely wounded, 84% to hit)
You miscast Sandblast.
You are very lightly contaminated with residual magic.
Nothing appears to happen.
Blork the orc zaps a wand.
You turn into a filthy swine.
Your +0 dagger melds into your body.
Your +0 pair of gloves melds into your body.
Your +0 robe melds into your body.
You can't do that in your present form.
Unknown command.
Blork the orc hits you with a +0 dire flail.
* * * LOW HITPOINT WARNING * * *
You hit Blork the orc.
Blork the orc is almost dead.
Blork the orc looks encouraged for a moment.
You closely miss Blork the orc.
Blork the orc is almost dead.
Blork the orc casts a spell at you. The magic dart hits you!
You die...

#......####
#..........
#..........
#..........
#..........
#..........
#..o.......
######h.......
#.............
#.............
#.........#.#.
#.........# ..
#...>..........
#..............
#.......#......
#######.#......


You could see Blork the orc.

Vanquished Creatures
  2 adders (D:2)
  A ribbon worm (D:2)
  2 ball pythons (D:1)
  3 bats (D:1)
  2 endoplasms
  2 giant cockroaches
  A hobgoblin (D:1)
  2 quokkas (D:1)
  A frilled lizard (D:2)
  4 goblins
  A kobold (D:1)
  2 rats (D:1)
23 creatures vanquished.

Notes
Turn   | Place    | Note
-------+----------+-------------------------------------------
     0 | D:1      | CougarLife the Gargoyle Earth Elementalist began the quest
                  | for the Orb.
     0 | D:1      | Reached XP level 1. HP: 10/10 MP: 3/3
   232 | D:1      | Reached XP level 2. HP: 15/15 MP: 1/5
   434 | D:1      | Reached skill level 4 in Earth Magic
  1079 | D:2      | Reached XP level 3. HP: 19/19 MP: 4/6
  1255 | D:2      | You fall into a shaft and drop 2 floors!
  1256 | D:4      | Noticed Blork the orc
  1264 | D:4      | Killed from afar by Blork the orc

Illustrated notes

Levels and vault maps discovered:
D:1:      lemuel_arrival_rhombus, layout_loops_ring, amcnicky_mini_pool_small
D:2:      layout_rooms, uniq_robin
D:4:      layout_basic, minmay_overflow_temple_star_hex,
          minmay_temple_entry_drinking_statues, corner_web_ring,
          nrook_mini_backslash, uniq_blork_the_orc, uniq_duvessa

Skill      XL: |  1  2 |
---------------+-------+-----
Earth Magic    | 4 |  4.3
Conjurations   | 2 |  2.2
Dodging        | |  1.5
Stealth        | |  2.1
Spellcasting   | |  2.6

Action                     || total
---------------------------++-------
  Melee: Unarmed           ||     3
         Dagger            ||     1
   Cast: Sandblast         ||    32
 Armour: Robe              ||    13
         Skin              ||     2
  Dodge: Dodged            ||     6

Table legend: (Time is in decaauts)
 A = Elapsed time spent in this place.
 B = Non-inter-level travel time spent in this place.
 C = Inter-level travel time spent in this place.
 D = Time resting spent in this place.
 E = Time spent auto-exploring this place.
 F = Levels seen in this place.
 G = Mean time per level.
                   A        B        C        D        E       F      G
               +--------+--------+--------+--------+--------+-----+--------+
         Total |   1278 |   1235 |     43 |     47 |   1043 |   3 |  426.0 |
       Dungeon |   1278 |   1235 |     43 |     47 |   1043 |   3 |  426.0 |
               +--------+--------+--------+--------+--------+-----+--------+

Top non-repeatable levels by time:
     D:1: 1004 daAuts
     D:2: 264 daAuts
     D:4: 9 daAuts
